 Dungeon Crawl Stone Soup version bcrawl-1.23 (webtiles) character file.

Game seed: 4145610728491267709

24 Delver the Caller (level 3, -2/19 HPs)
             Began as an Avariel Summoner on May 29, 2020.
             Slain by Sigmund
             ... wielding a +0 scythe
              (10 damage)
             ... on level 2 of the Dungeon.
             The game lasted 00:23:31 (1264 turns).

Delver the Caller (Avariel Summoner)                Turns: 1264, Time: 00:23:31

Health: -2/19      AC:  2    Str:  7    XL:     3   Next: 2%
Magic:  7/9        EV: 12    Int: 20    God:
Gold:   66         SH:  0    Dex: 13    Spells: 5/8 levels left

rFire    . . .     SeeInvis .   g - +0 hand axe
rCold    . . .     Gourm    .   (no shield)
rNeg     . . .     Faith    .   a - +0 robe
rPois    .         Spirit   .   (no helmet)
rElec    .         Reflect  .   (no cloak)
rCorr    .         Harm     .   (no gloves)
MR       .....                  (no boots)
Stlth    ++........             (no amulet)
HPRegen  0.06/turn              (no ring)
MPRegen  0.11/turn              (no ring)

@: no status effects
A: no striking features
a: no special abilities


You were on level 2 of the Dungeon.
You were not hungry.

You visited 1 branch of the dungeon, and saw 2 of its levels.

You collected 66 gold pieces.

Inventory:

Hand Weapons
 d - a +0 club
 g - a +0 hand axe (weapon)
 h - a +0 dagger
 i - a +0 short sword
 l - a +0 dagger
Missiles
 b - 349 stones (quivered)
 f - 225 bolts
 k - 38 poisoned needles
 m - 202 arrows
Armour
 a - a +0 robe (worn)
Jewellery
 q - an uncursed ring of insulation
Wands
 p - a wand of enslavement (7)
Scrolls
 c - a scroll of summoning
 j - 3 scrolls of teleportation
 n - 2 scrolls of enchant armour
 o - a scroll of noise {unknown}
Comestibles
 e - 5 rations {!d}


   Skills:
 + Level 0.3 Throwing
 + Level 2.2 Dodging
 + Level 2.1 Stealth
 + Level 3.3 Spellcasting
 + Level 5.4 Summonings


You had 5 spell levels left.
You knew the following spells:

 Your Spells              Type           Power        Failure   Level  Hunger
a - Summon Small Mammal   Summ           ####         1%          1    None
b - Call Imp              Summ           ####..       2%          2    ##.....

Your spell library contained the following spells:

 Spells                   Type           Power        Failure   Level  Hunger
 Call Canine Familiar     Summ           ####....     4%          3    ###....
 Summon Ice Beast         Ice/Summ       ##......     41%         4    ####...
 Summon Lightning Spire   Summ/Air       ##......     77%         5    ######.


Dungeon Overview and Level Annotations

Branches:
Dungeon (2/12)

Altars:

Annotations:
D:2 Sigmund


Message History

Press: ? - help, Shift-Dir - straight line, f - Sigmund
Aim: Sigmund, wielding a +0 scythe and wearing a +0 robe (hasn't noticed you, chance to defeat MR: 54%) Sigmund shouts!
Sigmund is charmed.
q - a notched bone ring
As you read the scroll of identify, it crumbles to dust.
q - an uncursed ring of insulation
Found 202 arrows.
Found a stone staircase leading down.
You see here 202 arrows.
m - 202 arrows Sigmund is no longer charmed.
Sigmund hits you from afar with a +0 scythe!
Ouch! That really hurt!
Casting: Call Imp (safe; 2% risk of failure)
Confirm with . or Enter, or press ? or * to list all spells.
A beastly little devil appears in a puff of flame.
Sigmund hits you from afar with a +0 scythe!
Ouch! That really hurt!
You die...

.. . ### # .##.#####..
#.## ###.##........
...##... #####.... .
.....##### #....
#...######......####....
#..5.@.@....g.........
########.........#....
#....##.###......
#..>#####.# ###....
...## #.#..)....# .#
....###...# ... #...#
##### #.... ..##


You could see Sigmund, a goblin (wandering) and a friendly crimson imp.

Vanquished Creatures
  A giant cockroach (D:1)
  2 hobgoblins
  2 bats
5 creatures vanquished.

Vanquished Creatures (collateral kills)
  3 dart slugs (D:1)
  2 leopard geckos (D:1)
  A bat (D:1)
  A giant cockroach (D:1)
  4 hobgoblins (D:1)
  5 kobolds (D:1)
  2 frilled lizards (D:1)
  2 goblins (D:1)
  4 rats
24 creatures vanquished.

Grand Total: 29 creatures vanquished

Notes
Turn   | Place    | Note
-------+----------+-------------------------------------------
     0 | D:1      | Delver the Avariel Summoner began the quest for the Orb.
     0 | D:1      | Reached XP level 1. HP: 10/10 MP: 6/6
    47 | D:1      | Reached skill level 5 in Summonings
   295 | D:1      | Reached XP level 2. HP: 15/15 MP: 5/7
   372 | D:1      | Learned a level 2 spell: Call Imp
  1098 | D:2      | Noticed Sigmund
  1122 | D:1      | Reached XP level 3. HP: 16/19 MP: 3/9
  1264 | D:2      | Slain by Sigmund

Skill      XL: |  1  2 |
---------------+-------+-----
Summonings     | 5 |  5.4
Spellcasting   | 3 |  3.3
Throwing       | |  0.3
Dodging        | |  2.2
Stealth        | |  2.1

Action                   || total
-------------------------++-------
Melee: Hand axe          ||    17
       Club              ||     1
Throw: Stone             ||    22
 Cast: Summon Small Mamm ||    27
       Call Imp          ||    11
Evoke: Wand              ||     1
  Use: Scroll            ||     4
       Potion            ||     1
  Eat: Chunk             ||     1
Armor: Robe              ||     8
Dodge: Dodged            ||    30
